Semilg, lawful male dwarven Priest ---------- |........| |..----..-# |..| |<.|# |..----..|# |........|# ---.------# #f@ # a # # # # # # # - -------|-- # .*.........| # ----- ...........| ##....| ..$[.......| |...| ------------ ----- Semilg the Acolyte Experience level: 4 Strength: 13 Dexterity: 11 Constitution: 13 Intelligence: 17 Wisdom: 11 Charisma: 10 Health: 0(39) Energy: 27(27) Def: 3 Gold: 707 Moves: 3037 Dungeon seed: 3JBhXsI6ePKwQpBG Game ID: Semilg_1550494610 Your Inventory: Coins $ - 707 gold pieces Weapons a - a blessed +1 mace (weapon in hand) Armor e - an uncursed +0 robe (being worn) n - an uncursed +0 small shield (being worn) Comestibles z - an uncursed melon Scrolls m - an uncursed scroll of enchant armor q - 3 uncursed scrolls of scare monster s - a blessed scroll of enchant armor v - 2 uncursed scrolls of remove curse A - an uncursed scroll of teleportation Spellbooks g - an uncursed spellbook of healing h - an uncursed spellbook of detect monsters i - an uncursed spellbook of protection Potions b - 5 potions of holy water j - a blessed potion of hallucination p - an uncursed potion of object detection u - an uncursed potion of sleeping x - an uncursed potion of levitation Rings t - an uncursed ring of searching Wands f - an uncursed wand of cancellation (0:1) l - an uncursed wand of make invisible (0:6) Spells and supernatural/magical abilities: Name Level Category Fail Memory h - healing 1 healing 0% 85% n - detect monsters 1 divination 0% 85% p - protection 1 clerical 0% 85% W - pray for help -- divine ? -- X - turn undead -- divine ? -- Your skills at the end: Miscellaneous Skills shield [Basic] wands [Basic] Weapon Skills pick-axe [Basic] mace [Basic] Spellcasting Skills clerical spells [Basic] Final Attributes: You were fervently aligned. You had infravision. You were stealthy. You aggravated monsters. You were lucky. You are dead. Vanquished creatures: a rock piercer a pony a fog cloud a puppy a floating eye a jitterbug an orc zombie a wererat 2 killer bees an acid blob a large kobold 2 geckos a giant rat 2 brown molds a yellow mold a gnome zombie 5 jackals a fox 2 kobolds 9 newts 3 goblins 4 lichens a kobold zombie 44 creatures vanquished. Voluntary challenges: You had followed a strict vegan diet until turn 1846. You had followed a strict vegetarian diet until turn 1988. You did not adorn yourself with jewelry or accessories. You did not cause conflict. You were not invisible. You did not have reflection. You were not displaced. You used a wielded weapon 23 times, starting on turn 88. You did not apply a unicorn horn. You did not use plumbed fixtures. You did not drink any magical draughts. You read items or engraved 1 time, starting on turn 1846. You never genocided any monsters. You never polymorphed an object. You never changed form. You used no wishes. You never split a pudding. You never wrote Elbereth's name. You never violated your personal moral code. Dungeon overview: The Dungeons of Doom: levels 1 to 7 Level 1 a fountain a long staircase Level 2 a fountain Level 3 some fountains Level 4 some fountains stairs to The Gnomish Mines Level 5 a fountain Level 6 an altar to Manannan Mac Lir, a fountain Level 7 <- You were here The Gnomish Mines: Level 5 stairs to The Dungeons of Doom History has recorded: On T:1 you entered the Dungeons of Doom to retrieve the Amulet of Yendor! On T:333 you reached level 2 of The Dungeons of Doom. On T:440 you reached level 3 of The Dungeons of Doom. On T:863 you prayed to Lugh. On T:1192 you reached level 4 of The Dungeons of Doom. On T:1269 you reached level 1 of The Gnomish Mines. On T:1428 you advanced to experience level 2. On T:1756 you prayed to Lugh. On T:1832 you reached level 5 of The Dungeons of Doom. On T:1871 you reached level 6 of The Dungeons of Doom. On T:1921 you advanced to experience level 3. On T:2732 you reached level 7 of The Dungeons of Doom. On T:3027 you advanced to experience level 4. Score breakdown: Gold: 707 ( 70 points) Experience: 4 levels ( 300 points) Exploration: 7 levels ( 180 points) Discoveries: 10 items ( 500 points) Variety of kills: 23 monsters ( 1150 points) Major goal: (nothing yet) ( 0 points) Survival: died (score multiplied by 3) Total score: 6600 Latest messages: The killer bee stings! The killer bee misses. The killer bee stings! The killer bee's sting was poisoned! The killer bee stings! You hit the killer bee. The killer bee stings! (2x) You kill the killer bee! Welcome to experience level 4. The killer bee stings! (2x) You kill the killer bee! The killer bee misses. (2x) The killer bee stings! (2x) You stop. Tigger is in the way! Tigger misses the killer bee. The killer bee stings! (2x) You displace Tigger. Tigger misses the killer bee. The killer bee just misses! Tigger misses the killer bee. (2x) The killer bee stings! (2x) You die... Final status: Goodbye Semilg the Priest, killed by a killer bee... You died in The Dungeons of Doom on dungeon level 7 with 6600 points, and 707 pieces of gold, after 3037 moves. You were level 4 with a maximum of 39 hit points when you died.